 Dungeon Crawl Stone Soup version 0.21.1-1-g345015f (webtiles) character file.

41 tidbits the Charmwright (level 3, 1/31 HPs)
             Began as a Gnoll Skald on June 18, 2018.
             Quit the game on level 2 of the Dungeon.
             The game lasted 00:02:50 (249 turns).

tidbits the Charmwright (Gnoll Skald)                Turns: 249, Time: 00:02:50

Health: 1/31       AC:  3    Str: 13    XL:     3   Next: 52%
Magic:  0/9        EV: 14    Int: 16    God:
Gold:   18         SH:  0    Dex: 14    Spells: 1/12 levels left

rFire    . . .     SeeInvis .   a - +0 hand axe
rCold    . . .     Gourm    .   (no shield)
rNeg     . . .     Faith    .   b - +0 leather armour
rPois    .         Spirit   .   (no helmet)
rElec    .         Reflect  .   (no cloak)
rCorr    .         Harm     .   (no gloves)
MR       .....                  (no boots)
Stlth    +.........             (no amulet)
HPRegen  0.10/turn              (no ring)
MPRegen  0.11/turn              (no ring)

@: lethally poisoned (1 -> -4), infused, very slightly contaminated, invisible
A: distributed training, fangs 1, strong nose
a: no special abilities


You were on level 2 of the Dungeon.
You were not hungry.

You visited 1 branch of the dungeon, and saw 2 of its levels.

You collected 18 gold pieces.

Inventory:

Hand Weapons
 a - a +0 hand axe (weapon)
 i - a +0 dagger
Missiles
 g - 21 arrows
Armour
 b - a +0 leather armour (worn)
 h - a +0 shield
Scrolls
 e - a scroll of teleportation {unknown}
 f - a scroll of identify {unknown}
Books
 c - a book of Battle

   Spells                             Type                      Level
   a - Infusion                       Charms                       1
   b - Shroud of Golubria             Charms/Translocation         2
   c - Song of Slaying                Charms                       2
   d - Spectral Weapon                Hexes/Charms                 3
   e - Regeneration                   Charms/Necromancy            3
Comestibles
 d - a ration


   Skills:
 + Level 4.5 Fighting
 + Level 0.8 Short Blades
 + Level 0.8 Long Blades
 + Level 4.5 Axes
 + Level 0.8 Maces & Flails
 + Level 0.8 Polearms
 + Level 0.8 Staves
 + Level 0.8 Slings
 + Level 0.8 Bows
 + Level 0.8 Crossbows
 + Level 0.8 Throwing
 + Level 2.6 Armour
 + Level 4.5 Dodging
 + Level 0.8 Stealth
 + Level 0.8 Shields
 + Level 0.8 Unarmed Combat
 + Level 5.0 Spellcasting
 + Level 0.5 Conjurations
 + Level 0.5 Hexes
 + Level 5.4 Charms
 + Level 0.5 Summonings
 + Level 0.5 Necromancy
 + Level 0.5 Translocations
 + Level 0.5 Transmutations
 + Level 0.5 Fire Magic
 + Level 0.5 Ice Magic
 + Level 0.5 Air Magic
 + Level 0.5 Earth Magic
 + Level 0.5 Poison Magic
 + Level 1.0 Invocations
 + Level 0.8 Evocations


You had one spell level left.
You knew the following spells:

 Your Spells              Type           Power        Failure   Level  Hunger
g - Shroud of Golubria    Chrm/Tloc      ##........   9%          2    #......
i - Infusion              Chrm           ###.         1%          1    None
r - Regeneration          Chrm/Necr      ##........   17%         3    ###....
w - Spectral Weapon       Hex/Chrm       ##......     17%         3    ###....
y - Song of Slaying       Chrm           ###.....     3%          2    #......


Dungeon Overview and Level Annotations

Branches:
Dungeon (2/15)

Altars:


Innate Abilities, Weirdness & Mutations

Your experience applies equally to all skills.
You have very sharp teeth.
Your uncanny sense of smell can sniff out nearby items.


Message History

You finish memorising.
Spell assigned to 'w'.
Found a fuming red potion.
You see here a fuming red potion.
j - a fuming red potion You see here a goblin corpse.
You see here a stone.
You see here 5 gold pieces.
You now have 18 gold pieces (gained 5).
A giant cockroach comes into view.
Casting: Infusion
Confirm with . or Enter, or press ? or * to list all spells.
You begin infusing your attacks with magical energy.
You hit the giant cockroach!
You kill the giant cockroach!
A leopard gecko comes into view.
The leopard gecko hisses angrily.
The leopard gecko closely misses you.
You hit the leopard gecko!
You kill the leopard gecko!
Your Spellcasting skill increases to level 5!
You see here a leopard gecko corpse.
A quokka comes into view.
Found a mace and 17 stones.
Unknown command.
A bat comes into view.
Unknown command.
You hit the quokka.
You kill the quokka!
The bat closely misses you. x2
You see here a mace.
You barely miss the bat. The bat hits you. The bat misses you.
The bat hits you. The bat misses you. The bat hits you but does no damage.
You closely miss the bat. Your bite misses the bat. The bat barely misses you.
The bat closely misses you.
You hit the bat!
You kill the bat!
A worm comes into view.
The worm moves out of view.
A frilled lizard comes into view.
Your magical infusion is running out.
The frilled lizard hisses angrily.
Found a pair of boots.
Unknown command.
A bat comes into view.
Casting: Infusion
Confirm with . or Enter, or press ? or * to list all spells.
You extend your infusion's duration.
You hit the frilled lizard.
You kill the frilled lizard!
Found a scroll labeled VUMUOG NAIMN.
An adder comes into view.
The bat barely misses you.
You hit the bat!
You kill the bat!
The adder hisses angrily.
A kobold comes into view. It is wielding a dagger of holy wrath.
You see here a bat corpse.
You closely miss the adder. The adder bites you. The adder barely misses you.
You barely miss the adder. The adder completely misses you.
You hit the adder! Your bite misses the adder.
The adder is almost dead.
The adder bites you.
You are poisoned.
The adder poisons you!
You barely miss the adder. Your bite misses the adder.
The adder is almost dead.
You feel sick. The adder bites you.
* * * LOW HITPOINT WARNING * * *
You are more poisoned.
The adder poisons you! The adder misses you.
You closely miss the adder.
The adder is almost dead.
You miss the kobold.
You feel sick. The kobold barely misses you. The adder bites you.
* * * LOW HITPOINT WARNING * * *
You barely miss the kobold. Your bite misses the kobold.
You barely miss the adder. The adder completely misses you.
The kobold hits you but does no damage. The adder bites you but does no damage.
The kobold closely misses you.
You barely miss the adder.
The adder is almost dead.
You closely miss the kobold.
You feel sick. The adder misses you.
The kobold hits you with a dagger of holy wrath.
* * * LOW HITPOINT WARNING * * *
It was a potion of invisibility.
You fade into invisibility!
* * * LOW HITPOINT WARNING * * *
You feel sick. The adder closely misses you.
The kobold hits you with a dagger of holy wrath.
* * * LOW HITPOINT WARNING * * *
You are very lightly contaminated with residual magic.
Unknown command.
You catch the helpless adder completely off-guard!
You slash the adder!
You kill the adder!
Your Invocations skill increases to level 1!
You hit the kobold. The kobold hits you but does no damage.
Are you sure you want to abandon this character and quit the game? (Confirm with "yes".)

#..........##(.....#
##.........##......#
#......†..........#
#...........†....#
####.............#
#.###.####....# #.#
#.###.....## #.#
#.##.......# #.
#.#....†@..#
........K†.[#
...###.....## ∆ ...#
#....## ## #?#.##
..#.# .###.# .. ..#


You could see a kobold.

Vanquished Creatures
  2 adders (D:2)
  A dart slug (D:1)
  A leopard gecko (D:2)
  6 bats
  2 giant cockroaches
  A hobgoblin (D:1)
  A quokka (D:2)
  2 frilled lizards
  A goblin (D:2)
  4 kobolds
  3 rats (D:1)
24 creatures vanquished.

Notes
Turn   | Place    | Note
-------+----------+-------------------------------------------
     0 | D:1      | tidbits the Gnoll Skald began the quest for the Orb.
     0 | D:1      | Reached XP level 1. HP: 20/20 MP: 6/6
    57 | D:1      | Reached XP level 2. HP: 18/26 MP: 1/7
   135 | D:2      | Learned a level 2 spell: Song of Slaying
   138 | D:2      | Learned a level 2 spell: Shroud of Golubria
   164 | D:2      | Reached XP level 3. HP: 17/31 MP: 2/9
   173 | D:2      | Learned a level 3 spell: Regeneration
   177 | D:2      | Learned a level 3 spell: Spectral Weapon
   209 | D:2      | Reached skill level 5 in Spellcasting
   247 | D:2      | HP: 1/31 [kobold/dagger of holy wrath (3)]
   248 | D:2      | Reached skill level 1 in Invocations
   249 | D:2      | Quit the game

Skill      XL: |  1  2  3 |
---------------+----------+-----
Spellcasting   | 5 |  5.0
Invocations    | 1 |  1.0
Fighting       | |  4.5
Short Blades   | |  0.8
Long Blades    | |  0.8
Axes           | |  4.5
Maces & Flails | |  0.8
Polearms       | |  0.8
Staves         | |  0.8
Slings         | |  0.8
Bows           | |  0.8
Crossbows      | |  0.8
Throwing       | |  0.8
Armour         | |  2.6
Dodging        | |  4.5
Stealth        | |  0.8
Shields        | |  0.8
Unarmed Combat | |  0.8
Conjurations   | |  0.5
Hexes          | |  0.5
Charms         | |  5.4
Summonings     | |  0.5
Necromancy     | |  0.5
Translocations | |  0.5
Transmutations | |  0.5
Fire Magic     | |  0.5
Ice Magic      | |  0.5
Air Magic      | |  0.5
Earth Magic    | |  0.5
Poison Magic   | |  0.5
Evocations     | |  0.8

Action                   || total
-------------------------++-------
Melee: Hand axe          ||    44
       Bite              ||     2
 Cast: Infusion          ||     6
  Use: Potion            ||     1
 Stab: Invisible         ||     1
Armor: Leather armour    ||     6
Dodge: Dodged            ||    45

Table legend:
 A = Turns spent in this place as a percentage of turns spent in the entire game.
 B = Non-inter-level travel turns spent in this place as a percentage of non-inter-level travel turns spent in the entire game.
 C = Inter-level travel turns spent in this place as a percentage of turns spent in this place.
 D = Turns resting spent in this place as a percentage of non-inter-level travel turns spent in this place.
 E = Turns spent auto-exploring this place as a percentage of non-inter-level travel turns spent in this place.
 F = Non-inter-level travel turns spent in this place divided by the number of levels of this place that you've seen.
                   A       B       C       D       E      F
               +-------+-------+-------+-------+-------+----------------------
         Total | 100.0 | 100.0 |   0.0 |   0.0 |   0.0 | 124.5
       Dungeon | 100.0 | 100.0 |   0.0 |   0.0 |   0.0 | 124.5
               +-------+-------+-------+-------+-------+----------------------

Table legend:
 A = Kills in this place as a percentage of kills in entire the game.
 B = Kills by you in this place as a percentage of kills by you in the entire game.
 C = Kills by friends in this place as a percentage of kills by friends in the entire game.
 D = Other kills in this place as a percentage of other kills in the entire game.
 E = Experience gained in this place as a percentage of experience gained in the entire game.
 F = Experience gained in this place divided by the number of levels of this place that you have seen.
                   A       B       C       D       E      F
               +-------+-------+-------+-------+-------+----------------------
         Total | 100.0 | 100.0 |   N/A |   N/A | 100.0 |  29.5
       Dungeon | 100.0 | 100.0 |   N/A |   N/A | 100.0 |  29.5
               +-------+-------+-------+-------+-------+----------------------

Vault maps used:
D:1:      saegor_arrival_simple_e
